Map: 2000 Atmospheres LE

Players

PattyMac - Winner!

  • Race: Protoss Protoss

MaSa

  • Race: Terran Terran

Event: DreamHack SC2 Masters 2021 Winter

VOD

Have the link to the VOD?

Description

Time

  • Played on: Oct. 8, 2021, 5:13 p.m.
  • Length: 13:17

All games in this series

Show
View Real Time Build Order
Export as new Build Order

PattyMac Protoss - Winner!

Build Orders:  

Get SALT Encoding   

  12  0:00  Probe  
  13  0:12  Probe  
  14  0:16  Pylon  
  14  0:24  Probe (Chrono Boost)  
  16  0:36  Gateway, Probe (Chrono Boost)  
  16  0:42  Probe (Chrono Boost)  
  16  0:45  Assimilator  
  17  0:51  Probe  
  18  1:03  Probe  
  19  1:15  Probe  
  20  1:23  Cybernetics Core  
  20  1:28  Zealot (Chrono Boost)  
  22  1:33  Probe  
  22  1:38  Assimilator  
  23  1:40  Pylon  
  23  1:50  Probe  
  23  1:58  Adept (Chrono Boost)  
  23  1:59  Warp Gate  
  25  2:02  Probe  
  26  2:14  Probe  
  27  2:20  Adept (Chrono Boost)  
  29  2:26  Probe  
  30  2:32  Nexus  
  30  2:37  Pylon  
  30  2:55  Gateway  
  30  2:56  Gateway  
  30  2:58  Probe  
  31  3:10  Pylon  
  31  3:11  Probe  
  32  3:17  Robotics Facility  
  32  3:18  Adept (Chrono Boost)  
  32  3:23  Probe  
  35  3:35  Probe  
  36  3:46  Probe  
  36  3:47  Probe  
  38  3:49  Shield Battery  
  38  3:54  Shield Battery  
  38  3:55  Adept x2  
  42  3:57  Adept  
  42  4:00  Probe  
  42  4:01  Probe  
  46  4:12  Probe  
  46  4:14  Observer (Chrono Boost)  
  46  4:15  Stalker  
  46  4:16  Stalker  
  52  4:21  Stalker  
  54  4:25  Probe x2  
  56  4:37  Probe, Pylon  
  57  4:39  Stalker  
  55  4:47  Probe  
  55  4:48  Observer (Chrono Boost)  
  53  4:55  Probe  
  53  4:59  Probe  
  55  5:00  Nexus  
  55  5:04  Twilight Council  
  55  5:07  Probe  
  54  5:17  Stalker x2  
  54  5:21  Shield Battery  
  54  5:29  Probe x2  
  54  5:30  Pylon  
  54  5:33  Immortal (Chrono Boost)  
  56  5:41  Probe  
  61  5:43  Charge (Chrono Boost)  
  61  5:45  Pylon  
  61  5:47  Probe  
  62  5:53  Probe  
  62  5:55  Forge  
  61  5:59  Observer  
  61  6:01  Probe  
  62  6:06  Probe (Chrono Boost)  
  62  6:08  Observer  
  63  6:13  Probe (Chrono Boost)  
  63  6:16  Assimilator  
  65  6:18  Probe (Chrono Boost)  
  65  6:21  Assimilator  
  65  6:23  Stalker, Probe x2 (Chrono Boost)  
  69  6:27  Probe (Chrono Boost), Protoss Ground Weapons Level 1 (Chrono Boost)  
  69  6:32  Robotics Bay, Probe (Chrono Boost)  
  70  6:34  Probe (Chrono Boost)  
  70  6:37  Probe (Chrono Boost)  
  72  6:41  Stalker  
  72  6:45  Probe (Chrono Boost)  
  71  6:49  Probe (Chrono Boost)  
  71  6:51  Probe (Chrono Boost)  
  70  6:55  Probe (Chrono Boost)  
  71  7:04  Probe (Chrono Boost)  
  71  7:06  Probe (Chrono Boost)  
  73  7:08  Gateway  
  73  7:09  Gateway  
  73  7:10  Gateway, Probe (Chrono Boost)  
  73  7:11  Gateway, Probe (Chrono Boost)  
  73  7:14  Probe (Chrono Boost)  
  75  7:18  Blink, Probe  
  76  7:23  Colossus (Chrono Boost)  
  76  7:28  Probe x2  
  84  7:30  Probe  
  84  7:36  Gateway  
  85  7:37  Gateway  
  85  7:42  Assimilator, Probe  
  85  7:43  Assimilator  
  86  7:44  Extended Thermal Lance  
  78  8:06  Colossus (Chrono Boost)  
  78  8:12  Gateway  
  84  8:16  Pylon  
  84  8:20  Templar Archives  
  84  8:21  Zealot  
  84  8:22  Zealot x2  
  84  8:23  Forge  
  84  8:24  Probe x2, Pylon  
  92  8:33  Protoss Ground Armor Level 1 (Chrono Boost)  
  92  8:34  Zealot x2, Pylon  
  92  8:36  Zealot  
  92  8:37  Zealot  
  92  8:41  Observer  
  100  8:43  Colossus (Chrono Boost)  
  106  8:50  Probe x2  
  106  8:52  Probe  
  106  8:53  Zealot  
  106  8:54  Zealot  
  113  9:07  Protoss Ground Weapons Level 2 (Chrono Boost)  
  113  9:08  High Templar x2  
  117  9:11  Pylon  
  117  9:17  Archon  
  117  9:24  Pylon  
  117  9:26  Pylon  
  117  9:28  Pylon  
  117  9:30  Stalker x3  
  117  9:31  Pylon  
  123  9:32  Warp Prism (Chrono Boost)  
  123  9:34  Photon Cannon  
  121  9:40  High Templar  
  121  9:41  High Templar  
  123  9:49  Zealot, Archon  
  123  9:50  Zealot x2  
  129  9:53  Probe  
  129  9:54  Probe  
  131  10:03  Nexus  
  131  10:06  High Templar x2  
  135  10:08  Zealot x2  
  135  10:11  Archon  
  139  10:14  Robotics Facility  
  139  10:17  Stalker x2  
  143  10:21  Stalker  
  143  10:25  Stalker  
  145  10:34  Stalker  
  145  10:35  Stalker x2  
  127  10:42  Stalker x3  
  117  10:45  Zealot  
  109  10:50  Zealot x2  
  109  10:58  Stalker x2, Observer  
  109  11:04  Zealot x2  
  116  11:12  Warp Prism (Chrono Boost)  
  114  11:22  Nexus  
  114  11:23  Probe, Pylon  
  114  11:24  Probe x2  
  117  11:30  Zealot, High Templar x4  
  117  11:31  Zealot  
  129  11:34  Archon  
  129  11:35  Archon  
  129  11:36  Photon Cannon  
  129  11:45  Dark Shrine  
  129  11:46  Probe x2  
  131  11:47  Assimilator  
  131  11:51  Observer  
  131  11:52  Assimilator  
  131  11:53  Pylon  
  131  11:58  Observer (Chrono Boost)  
  131  12:00  Stalker x4  
  140  12:06  Stalker, Zealot  
  144  12:16  Zealot x4  
  150  12:29  Zealot x6  
  134  12:55  High Templar x4  
  134  12:56  Zealot x5, High Templar  
  137  13:00  Probe x2  
  137  13:01  Archon, Probe x2  
  137  13:02  Archon  
Show
View Real Time Build Order
Export as new Build Order

MaSa Terran 

Build Orders:  

Get SALT Encoding   

  12  0:00  SCV  
  13  0:12  SCV  
  14  0:18  Supply Depot  
  14  0:24  SCV  
  15  0:39  SCV  
  15  0:40  Barracks  
  16  0:45  Refinery  
  16  0:51  SCV  
  17  0:59  Engineering Bay  
  17  1:03  SCV  
  18  1:15  SCV  
  19  1:26  Marine  
  19  1:28  Supply Depot  
  19  1:31  Orbital Command  
  20  1:44  Marine  
  21  1:52  Factory  
  21  1:57  SCV  
  22  2:04  Barracks Reactor  
  22  2:10  SCV  
  23  2:21  Command Center  
  23  2:25  SCV  
  24  2:31  Bunker  
  24  2:37  SCV  
  24  2:43  Starport  
  25  2:46  Refinery  
  25  2:53  Hellion x2  
  25  2:54  SCV  
  25  2:57  Barracks Tech Lab  
  30  3:06  SCV  
  30  3:10  Supply Depot  
  31  3:32  Hellion x2, Medivac, SCV  
  31  3:33  Orbital Command  
  38  3:37  Marine  
  39  3:44  SCV  
  40  3:56  SCV  
  40  4:02  Viking  
  43  4:07  Marine x2, Cyclone  
  43  4:08  SCV  
  49  4:12  SCV  
  47  4:23  SCV  
  43  4:25  Marine x2  
  43  4:32  Viking  
  43  4:36  SCV  
  46  4:39  Siege Tank  
  46  4:43  SCV  
  47  4:48  SCV  
  45  4:54  Marine x2  
  45  4:55  SCV  
  46  5:00  SCV  
  47  5:08  Command Center  
  47  5:12  SCV  
  47  5:16  SCV  
  46  5:21  Marine x2  
  46  5:24  SCV  
  49  5:28  SCV  
  49  5:33  Siege Tank  
  53  5:36  SCV  
  53  5:37  Starport Tech Lab, Barracks  
  54  5:47  Supply Depot  
  54  5:57  Supply Depot  
  54  6:03  Barracks  
  54  6:07  Engineering Bay, Starport Tech Lab  
  54  6:09  SCV x2, Marine x2  
  58  6:21  SCV x2  
  60  6:26  Factory Reactor, Orbital Command  
  60  6:33  SCV x2  
  60  6:34  Terran Infantry Weapons Level 1  
  60  6:35  Refinery  
  60  6:38  Starport Reactor  
  60  6:40  Marine x2  
  60  6:41  Marine  
  60  6:43  Stimpack  
  60  6:45  SCV x2  
  61  6:57  SCV x2  
  61  6:58  Marine x2  
  61  6:59  Marine  
  66  7:01  Marine  
  66  7:04  SCV  
  66  7:08  Refinery  
  68  7:09  Widow Mine x2, SCV  
  68  7:12  Barracks  
  68  7:14  Barracks  
  68  7:15  SCV  
  74  7:16  SCV  
  74  7:20  Combat Shield  
  75  7:24  Missile Turret  
  75  7:25  SCV  
  75  7:27  SCV, Marine  
  75  7:28  Marine  
  79  7:30  Medivac  
  79  7:34  Medivac, Orbital Command  
  83  7:38  Marauder  
  83  7:43  Supply Depot  
  85  7:55  SCV x2, Marine  
  84  7:59  Marauder  
  84  8:02  Marauder  
  84  8:03  SCV  
  85  8:08  SCV  
  85  8:09  Supply Depot, Medivac x2  
  85  8:11  Supply Depot  
  85  8:12  SCV  
  91  8:15  SCV, Barracks Reactor  
  91  8:16  Concussive Shells, Marine  
  93  8:26  Refinery  
  93  8:30  Marauder, Widow Mine x2, SCV, Marine  
  93  8:32  Marauder, SCV  
  104  8:38  Marine  
  104  8:39  Marauder, SCV  
  104  8:41  Terran Infantry Armor Level 1  
  107  8:42  SCV  
  107  8:46  Bunker  
  107  8:47  Supply Depot, SCV  
  109  8:51  Supply Depot  
  109  9:02  Sensor Tower  
  109  9:07  Supply Depot  
  109  9:09  Marauder, Supply Depot, Viking x2, Marine x2  
  117  9:13  Marauder x2, Widow Mine, SCV x2  
  117  9:16  Supply Depot  
  125  9:20  Refinery  
  125  9:28  SCV x3, Marine x3  
  125  9:29  Widow Mine  
  125  9:31  Marauder  
  135  9:34  Marauder  
  135  9:37  Marauder, Marine  
  140  9:40  SCV x3, Armory  
  140  9:41  Engineering Bay  
  143  9:45  Ghost Academy  
  143  9:46  Viking, Marine  
  143  9:49  Viking  
  148  9:53  SCV  
  148  10:08  Command Center  
  148  10:14  Supply Depot x2  
  148  10:17  Supply Depot  
  148  10:18  Widow Mine  
  148  10:25  Marine  
  148  10:26  Ghost x2  
  149  10:30  Ghost  
  136  10:35  Marine  
  136  10:42  Marine  
  128  10:45  SCV x2  
  128  10:46  Marine  
  128  10:47  Marine  
  111  10:53  Marine  
  111  10:56  Marauder x2  
  90  10:59  Marauder  
  90  11:02  SCV  
  93  11:07  Widow Mine x2  
  97  11:15  SCV  
  97  11:16  SCV  
  97  11:17  Marauder x2  
  97  11:18  SCV  
  85  11:21  Marauder  
  85  11:22  Marine  
  85  11:23  Marine x2  
  85  11:25  Marine  
  91  11:26  Medivac  
  91  11:27  SCV  
  91  11:31  Medivac  
  91  11:32  SCV  
  97  11:33  SCV  
  97  11:39  Marauder x2, SCV  
  103  11:44  SCV  
  103  11:45  Marauder, SCV, Marine x2  
  109  11:50  Planetary Fortress  
  109  11:51  SCV  
  110  11:55  Enhanced Shockwaves  
  110  11:56  SCV  
  110  11:57  Medivac  
  110  12:00  Medivac, Marine  
  116  12:07  Marauder x3, Marine  
  121  12:18  Marine  
  121  12:22  Marine  
  119  12:27  Medivac, Marine x2  
  119  12:28  Marauder, SCV  
  119  12:29  Marauder x2  
  128  12:30  Medivac  
  128  12:36  Marine  
  127  12:40  Marine  
  121  12:45  Marine x2  
  121  12:50  Marauder x3  

Tags
 
Add a new tag
Caveats
  • Supply blocks, unpowered buildings, or Contaminate may cause inaccurate times.
  • Supply counts are checked every 10 seconds.